 Dungeon Crawl Stone Soup version 0.27-a0-637-g3a9f0a9c12 (webtiles) character file.

Game seed: 11657909402219324393

53 scarywalker64 the Magician (level 3, -2/27 HPs)
             Began as a Demigod Hedge Wizard on Mar 14, 2021.
             Killed by nerve-wracking pain
             ... invoked by Jessica
              (8 damage)
             ... on level 2 of the Dungeon.
             The game lasted 00:04:35 (2592 turns).

scarywalker64 the Magician (Demigod Hedge Wizard)   Turns: 2592, Time: 00:04:37

Health: -2/27      AC:  2    Str: 15    XL:     3   Next: 42%
Magic:  0/10       EV: 12    Int: 16    God:
Gold:   154        SH:  0    Dex: 13    Spells: 5/8 levels left

rFire    . . .     SeeInvis .   j - +3 short sword
rCold    . . .     Faith    .   (no shield)
rNeg     . . .     Spirit   .   b - +0 robe
rPois    .         Reflect  .   c - +0 hat
rElec    .         Harm     .   (no cloak)
rCorr    .         Rampage  .   (no gloves)
Will     .....                  (no boots)
Stlth    ++........             (no amulet)
HPRegen  0.09/turn              (no ring)
MPRegen  0.12/turn              (no ring)

@: very slightly contaminated
A: high mp 1, forlorn
a: no special abilities


You were on level 2 of the Dungeon.
You visited 1 branch of the dungeon, and saw 2 of its levels.

You collected 154 gold pieces.

Inventory:

Hand Weapons
 j - a +3 short sword (weapon)
Missiles
 h - 116 stones
 i - 9 bolts
Armour
 b - a +0 robe (worn)
 c - a +0 hat (worn)
Scrolls
 d - 3 scrolls of teleportation {unknown}
 e - a scroll of amnesia {unknown}
 g - a scroll of identify {unknown}
Potions
 f - a potion of flight {unknown}


   Skills:
 * Level 0.6 Fighting
 + Level 0.1 Short Blades
 + Level 2.1 Dodging
 - Level 2.0 Stealth
 * Level 0.8 Shields
 * Level 3.3 Spellcasting
 + Level 1.1 Conjurations
 + Level 0.8 Summonings
 + Level 0.8 Translocations


You had 5 spell levels left.
You knew the following spells:

 Your Spells              Type           Power      Damage    Failure   Level
a - Magic Dart            Conj           24%        1d4       11%         1
b - Blink                 Tloc           N/A        N/A       19%         2

Your spell library contained the following spells:

 Spells                   Type           Power      Damage    Failure   Level
 Call Imp                 Summ           5%         N/A       19%         2
 Slow                     Hex            2%         N/A       26%         2
 Conjure Flame            Conj/Fire      4%         6-21      38%         3
 Mephitic Cloud           Conj/Pois/Air  3%         N/A       43%         3


Dungeon Overview and Level Annotations

Branches:
Dungeon (2/15)

Annotations:
D:2 Jessica


Innate Abilities, Weirdness & Mutations

Your attributes grow dramatically as you level up.
You have an increased reservoir of magic. (+10% MP)
You shall have no god before yourself.


Message History

Jessica is severely wounded.
The magic dart hits Jessica but does no damage.
Jessica is severely wounded.
You miscast Magic Dart.
You are very lightly contaminated with residual magic.
Nothing appears to happen.
Jessica hits you with a +0 club.
You miscast Magic Dart.
Nothing appears to happen.
Jessica hits you with a +0 club.
The magic dart hits Jessica.
Jessica is severely wounded.
Jessica points at you and mumbles some strange words.
Pain shoots through your body!
* * * LOW HITPOINT WARNING * * *
Jessica hits you with a +0 club.
* * * LOW HITPOINT WARNING * * *
Casting: Magic Dart (safe; 11% risk of failure)
Confirm with . or Enter, or press ? or * to list all spells.
Aiming: Magic Dart (safe; 11% risk of failure)
Press: ? - help, Shift-Dir - straight line, f/p - Jessica
Aim: Jessica, wielding a +0 club and wearing a +2 robe of willpower (severely wounded, fast, 0% to evade)
You miscast Magic Dart.
Nothing appears to happen.
Jessica barely misses you.
Unknown command.
Casting: Magic Dart (safe; 11% risk of failure)
Confirm with . or Enter, or press ? or * to list all spells.
Aiming: Magic Dart (safe; 11% risk of failure)
Press: ? - help, Shift-Dir - straight line, f/p - Jessica
Aim: Jessica, wielding a +0 club and wearing a +2 robe of willpower (severely wounded, fast, 0% to evade)
The magic dart hits Jessica but does no damage.
Jessica is severely wounded.
Jessica gestures at you while chanting.
You barely resist.
Casting: Magic Dart (safe; 11% risk of failure)
Confirm with . or Enter, or press ? or * to list all spells.
Aiming: Magic Dart (safe; 11% risk of failure)
Press: ? - help, Shift-Dir - straight line, f/p - Jessica
Aim: Jessica, wielding a +0 club and wearing a +2 robe of willpower (severely wounded, fast, 0% to evade)
You miscast Magic Dart.
Nothing appears to happen.
Jessica gestures at you while chanting. Pain shoots through your body!
You die...

# .## #.. #.. ##.#
#..######.####...
#........@@...... .
#.######.###.......
#.# #.## ....# #.#
##.## ..#
##.########.###..#
####
#.......####...#.##
...#
#..####.....<.....#
#.# #.###..#
##########..# #.#
#......# ..###.#


You could see Jessica (fast).

Vanquished Creatures
  An adder (D:2)
  A worm (D:1)
  A dart slug (D:1)
  A leopard gecko (D:1)
  7 bats
  2 giant cockroaches (D:1)
  6 goblins
  2 hobgoblins (D:1)
  4 jackals (D:2)
  5 kobolds
  A quokka (D:2)
  A frilled lizard (D:2)
  6 rats
38 creatures vanquished.

Notes
Turn   | Place    | Note
-------+----------+-------------------------------------------
     0 | D:1      | scarywalker64 the Demigod Hedge Wizard began the quest for
                  | the Orb.
     0 | D:1      | Reached XP level 1. HP: 14/14 MP: 6/6
   131 | D:1      | Reached skill level 3 in Spellcasting
   295 | D:1      | Reached XP level 2. HP: 14/20 MP: 8/8
  1241 | D:1      | Learned a level 2 spell: Blink
  1314 | D:2      | HP: 1/22 [worm (11)]
  1826 | D:2      | Reached XP level 3. HP: 10/27 MP: 3/10
  2129 | D:2      | Reached skill level 1 in Conjurations
  2581 | D:2      | Noticed Jessica
  2592 | D:2      | Killed from afar by Jessica

Illustrated notes

Levels and vault maps discovered:
D:1:      scummos_arrival_gate, layout_basic, serial_aquarium,
          aquarium_bridge_square [aquarium_subvault_bridge,
          aquarium_subvault_bridge, aquarium_subvault_wall,
          aquarium_subvault_wall], aquarium_window_corner, aquarium_window_fake,
          aquarium_window_corridor_2, aquarium_view_2c, aquarium_pool_2,
          chequers_mini_garden, minmay_strange_pillars, hangedman_decor_push
D:2:      layout_loops_ring, nzn_wu_jian_council_hall,
          chequers_serial_rivers_room_a, nrook_mini_backslash, uniq_jessica,
          uniq_sigmund, uniq_crazy_yiuf_cottage

Skill      XL: |  1  2  3 |
---------------+----------+-----
Dodging        | 2 |  2.1
Spellcasting   | 3 |  3.3
Stealth        | 2 |  2.0
Conjurations   | 1 |  1.1
Fighting       | |  0.6
Short Blades   | |  0.1
Shields        | |  0.8
Summonings     | |  0.8
Translocations | |  0.8

Action                   || total
-------------------------++-------
Melee: Dagger            ||    27
       Short sword       ||    23
 Cast: Magic Dart        ||    97
 Stab: Sleeping          ||     1
       Distracted        ||     1
Armor: Robe              ||    25
Dodge: Dodged            ||    56

Table legend: (Time is in decaauts)
 A = Elapsed time spent in this place.
 B = Non-inter-level travel time spent in this place.
 C = Inter-level travel time spent in this place.
 D = Time resting spent in this place.
 E = Time spent auto-exploring this place.
 F = Levels seen in this place.
 G = Mean time per level.
                   A        B        C        D        E       F      G
               +--------+--------+--------+--------+--------+-----+--------+
         Total |   2596 |   2575 |     21 |      0 |   2227 |   2 | 1298.0 |
       Dungeon |   2596 |   2575 |     21 |      0 |   2227 |   2 | 1298.0 |
               +--------+--------+--------+--------+--------+-----+--------+

Top non-repeatable levels by time:
     D:1: 1628 daAuts
     D:2: 967 daAuts
